 Dungeon Crawl Stone Soup version 0.18-a0-846-g91b95b1 (webtiles) character file.

15622 JokEr the Impaler (level 12, -8/108 HPs)
             Began as a Merfolk Fighter on Dec 20, 2015.
             Was a High Priest of Okawaru.
             Mangled by a spiny frog (9 damage)
             ... on level 1 of the Lair of Beasts.
             The game lasted 00:35:44 (15744 turns).

JokEr the Impaler (Merfolk Fighter)                Turns: 15744, Time: 00:35:44

Health: -8/108     AC: 15    Str: 21    XL:     12   Next: 28%
Magic:  7/12       EV:  2    Int:  8    God:    Okawaru [*****.]
Gold:   658        SH:  0    Dex: 13    Spells: 0 memorised, 11 levels left

rFire  . . .     SeeInvis .     a - +1 trident
rCold  + . .     Gourm    .     y - +0 plate armour
rNeg   + + +     Faith    .     c - +0 shield
rPois  ∞         Spirit   .     (helmet restricted)
rElec  .         Dismiss  .     (no cloak)
rCorr  .         Reflect  .     G - +0 pair of gloves
SustAt .         Harm     .     (no boots)
MR     .....                    (no amulet)
Stlth  ..........               A - ring of wizardry
                                h - ring of protection from cold

@: lethally poisoned (-8 -> -8), petrified, heroism, finesse, not resistant to
hostile enchantments, extremely unstealthy
A: change form in water, swift swim, beak, icy blue scales 1
a: Heroism, Finesse, Renounce Religion


You were on level 1 of the Lair of Beasts.
You worshipped Okawaru.
Okawaru was extremely pleased with you.
You were hungry.

You visited 3 branches of the dungeon, and saw 15 of its levels.

You collected 658 gold pieces.

Inventory:

Hand Weapons
 a - a +1 trident (weapon)
Armour
 c - a +0 shield (worn)
 y - a +0 plate armour (worn)
 G - a +0 pair of gloves (worn)
Jewellery
 h - a ring of protection from cold (left hand)
 x - an uncursed ring of flight
 A - a ring of wizardry (right hand)
 F - an uncursed amulet of rage
 L - an uncursed ring of magical power
 N - an uncursed ring of poison resistance
Wands
 C - a wand of slowing (33/48)
 D - a wand of random effects (42/48)
 E - a wand of disintegration (12/24)
 I - a wand of fireball (7/15)
 K - a wand of confusion (25/48)
 P - a wand of teleportation (5/9)
 R - a wand of draining (7/15)
 T - a wand of slowing (19/48)
 U - a wand of magic darts (28/48)
 V - a wand of disintegration (2/24)
Scrolls
 e - 2 scrolls of enchant armour
 k - 8 scrolls of remove curse
 m - 3 scrolls of enchant weapon
 s - 2 scrolls of amnesia
 w - 4 scrolls of immolation
 H - 3 scrolls of magic mapping
 J - 4 scrolls of teleportation
 O - a scroll of fear
Potions
 d - a potion of berserk rage {unknown}
 i - 3 potions of cancellation
 j - 4 potions of flight {unknown}
 n - 9 potions of curing
 o - 4 potions of heal wounds
 p - 2 potions of resistance
 q - 2 potions of lignification {unknown}
 t - 2 potions of brilliance {unknown}
 u - a potion of degeneration {unknown}
 z - a potion of poison {unknown}
 B - a potion of magic {unknown}
 M - a potion of ambrosia {unknown}
 Q - a potion of invisibility {unknown}
 W - a potion of might
Books
 b - a book of Ice

   Spells                             Type                      Level
   a - Ice Form                       Ice/Transmutation            4
   b - Metabolic Englaciation         Hexes/Ice                    5
   c - Ozocubu's Refrigeration        Ice                          6
   d - Bolt of Cold                   Conjuration/Ice              6
   e - Freezing Cloud                 Conjuration/Ice/Air          6
   f - Simulacrum                     Ice/Necromancy               6
Comestibles
 f - 6 bread rations
 g - 7 meat rations
 l - 8 beef jerkies
 r - 3 slices of pizza
 v - 15 fruits
 S - a royal jelly


   Skills:
 - Level 14.4(19.4) Fighting
 - Level 17.7(22.7) Polearms
 - Level 2.1(7.1) Armour
 + Level 6.7(11.7) Dodging
 - Level 3.0(8.0) Shields


You had 11 spell levels left.
You didn't know any spells.

Dungeon Overview and Level Annotations

Branches:
Dungeon (13/15)            Temple (1/1) D:5            Lair (1/8) D:11
    Orc (0/2) D:12
 Vaults: D:13-14

Altars:
Ashenzari
Cheibriados
Dithmenos
Elyvilon
Fedhas
Gozag
Kikubaaqudgha
Nemelex Xobeh
Okawaru
Pakellas
Qazlal
Ru
Sif Muna
Trog
Vehumet
Xom
Zin
The Shining One

Shops:
D:6 }:   D:7 (   D:12 }


Innate Abilities, Weirdness & Mutations

You revert to your normal form in water.
You are very nimble and swift while swimming.
You have a beak for a mouth.
You are partially covered in icy blue scales (AC +1).


Message History

* * * LOW HITPOINT WARNING * * *
The basilisk bites you.
* * * LOW HITPOINT WARNING * * *
The spiny frog stings you but does no damage.
The crocodile bites you!
* * * LOW HITPOINT WARNING * * *
The spiny frog stings you.
* * * LOW HITPOINT WARNING * * *
The basilisk bites you but does no damage.
The spiny frog barely misses you.
The spiny frog stings you but does no damage.
The crocodile bites you.
* * * LOW HITPOINT WARNING * * *
You hear a screech!
The sentinel's mark upon you fades away.
The basilisk bites you.
* * * LOW HITPOINT WARNING * * *
The spiny frog stings you but does no damage.
The spiny frog stings you!!
You die...

.##.####....#......##.+######..##
.#....###.........#.......###..#.
........##.#.###...........####..
#P.......#.#####....#.#.#....##..
.†.........####.....#...#.....##.
.............#..##.........##†[†.
........#.......#...8...8...#††..
.###P##..#.#...t#.....>.....#....
## ####....#.#.l@F..8...8...#...#
# ###.#.###.F##.........#...## #
#.....###.....#....#.....## #
#.....#...#.....###......# #
####...........#..........##. #
#....#.........###.......(..## #
#............P...##...###...#
###............#..###....# ##..
##.#..............##.....#


You could see 2 spiny frogs, a basilisk and a crocodile.

Vanquished Creatures
  Gastronok (D:10)
  A hydra (Lair:1)
  Urug (D:11)
  3 hill giants
  A gargoyle (D:11)
  Psyche (D:8)
  A spiny frog (Lair:1)
  A komodo dragon (Lair:1)
  A troll (D:9)
  A two-headed ogre (D:8)
  Prince Ribbit (D:7)
  A trapdoor spider zombie (D:11)
  5 yaks (Lair:1)
  A hungry ghost (D:7)
  Eustachio (D:6)
  2 hippogriffs (D:10)
  3 phantoms
  2 water moccasins
  2 porcupines (Lair:1)
  6 orc warriors
  A sky beast (D:6)
  A black bear (D:11)
  4 ice beasts
  9 ogres
  10 centaurs
  3 necrophages
  8 giant frogs
  13 big kobolds
  2 gnoll sergeants
  9 scorpions
  A water moccasin zombie (D:7)
  3 killer bees
  8 hounds
  5 crimson imps
  17 orc wizards
  A giant frog zombie (D:7)
  6 orc priests
  3 jellies
  4 giant frog skeletons
  Natasha (thrice) (D:2 D:4)
  Terence (D:2)
  4 iguanas
  2 quasits
  13 worker ants
  A killer bee zombie (D:5)
  A hound zombie (D:6)
  2 worker ant zombies (D:8)
  21 gnolls
  9 adders
  A shadow imp (D:6)
  An ooze (D:4)
  An adder skeleton (D:5)
  An adder zombie (D:5)
  3 worms
  3 giant geckos
  41 orcs
  7 bats
  2 bat zombies (D:7)
  4 giant cockroaches
  7 goblins
  13 hobgoblins
  5 quokkas
  2 ball pythons
  A giant gecko skeleton (D:4)
  4 giant newts
  19 jackals
  22 kobolds
  3 rats
  3 rat zombies (D:7)
344 creatures vanquished.

Notes
Turn   | Place    | Note
--------------------------------------------------------------
     0 | D:1      | JokEr the Merfolk Fighter began the quest for the Orb.
     0 | D:1      | Reached XP level 1. HP: 18/18 MP: 1/1
   124 | D:1      | Reached XP level 2. HP: 24/24 MP: 2/2
   506 | D:2      | Noticed Natasha
   518 | D:2      | Killed Natasha
   518 | D:2      | Reached skill level 4 in Fighting
   518 | D:2      | Reached XP level 3. HP: 19/30 MP: 3/3
   635 | D:2      | Noticed Natasha
   643 | D:2      | Killed Natasha
   877 | D:2      | Reached XP level 4. HP: 28/38 MP: 4/4
   881 | D:2      | Reached skill level 5 in Polearms
  1253 | D:2      | Noticed Terence
  1270 | D:2      | Killed Terence
  1270 | D:2      | Reached XP level 5. HP: 38/43 MP: 5/5
  1940 | D:3      | Reached skill level 5 in Fighting
  2243 | D:3      | Found a stormy altar of Qazlal.
  2882 | D:4      | Noticed Natasha
  2890 | D:4      | Killed Natasha
  2893 | D:4      | Reached skill level 6 in Polearms
  2964 | D:4      | Reached XP level 6. HP: 44/51 MP: 6/6
  3053 | D:4      | Found a shimmering altar of Xom.
  3267 | D:4      | Reached skill level 7 in Polearms
  3692 | D:4      | Gained mutation: You are partially covered in icy blue scales (AC +1). [potion of beneficial mutation]
  3693 | D:4      | Gained mutation: You have a beak for a mouth. [potion of beneficial mutation]
  3704 | D:5      | Entered Level 5 of the Dungeon
  3818 | D:5      | Found a shadowy altar of Dithmenos.
  3964 | D:5      | Reached skill level 8 in Polearms
  3964 | D:5      | Reached XP level 7. HP: 46/59 MP: 7/7
  4656 | D:5      | Reached skill level 9 in Polearms
  4745 | D:5      | Reached XP level 8. HP: 67/67 MP: 8/8
  4927 | D:5      | Found a staircase to the Ecumenical Temple.
  5124 | Temple   | Entered the Ecumenical Temple
  5163 | Temple   | Became a worshipper of Warmaster Okawaru
  5386 | D:6      | Found Xodat's Book Emporium.
  5408 | D:6      | Noticed Eustachio
  5431 | D:6      | Killed Eustachio
  5431 | D:6      | Reached skill level 10 in Polearms
  5595 | D:6      | Reached * piety under Okawaru
  5733 | D:6      | Reached skill level 11 in Polearms
  6399 | D:6      | Reached XP level 9. HP: 27/76 MP: 6/9
  6399 | D:6      | HP: 1/76 [orc priest/divine providence (14)]
  7129 | D:6      | Reached skill level 12 in Polearms
  7169 | D:6      | Reached ** piety under Okawaru
  7180 | D:6      | Reached skill level 10 in Fighting
  7838 | D:6      | Reached skill level 13 in Polearms
  7849 | D:6      | Found an oddly glowing altar of Pakellas.
  7849 | D:6      | Found Pakellas's Prime Provisions.
  8429 | D:7      | Noticed Prince Ribbit
  8449 | D:7      | Killed Prince Ribbit
  8449 | D:7      | Reached XP level 10. HP: 79/87 MP: 8/10
  8734 | D:7      | Reached skill level 14 in Polearms
  9034 | D:7      | Found Vucvubli's Antique Weapon Shoppe.
  9065 | D:7      | Found a blossoming altar of Fedhas.
  9067 | D:7      | Found a glowing golden altar of the Shining One.
  9069 | D:7      | Found a bloodstained altar of Trog.
  9074 | D:7      | Reached *** piety under Okawaru
  9450 | D:7      | Found an ancient bone altar of Kikubaaqudgha.
  9532 | D:8      | Found a sacrificial altar of Ru.
 10540 | D:8      | Reached skill level 15 in Polearms
 10699 | D:8      | Reached **** piety under Okawaru
 10759 | D:8      | Found a shattered altar of Ashenzari.
 10773 | D:8      | Noticed Psyche
 10789 | D:8      | Killed Psyche
 11565 | D:9      | Reached XP level 11. HP: 80/96 MP: 11/11
 12352 | D:10     | Entered Level 10 of the Dungeon
 12442 | D:10     | Reached skill level 16 in Polearms
 12899 | D:10     | Noticed a hill giant
 12907 | D:10     | Killed a hill giant
 12924 | D:10     | Reached ***** piety under Okawaru
 13057 | D:10     | Noticed Gastronok
 13089 | D:10     | Killed Gastronok
 13454 | D:11     | Reached skill level 17 in Polearms
 13477 | D:11     | Noticed a hill giant
 13489 | D:11     | Killed a hill giant
 13608 | D:11     | Found a staircase to the Lair.
 13963 | D:11     | Noticed Urug
 13986 | D:11     | Killed Urug
 14582 | D:11     | Noticed a hill giant
 14598 | D:11     | Killed a hill giant
 14598 | D:11     | Reached XP level 12. HP: 45/108 MP: 4/12
 14848 | D:11     | You fall through a shaft for 2 floors!
 14909 | D:12     | Noticed a four-headed hydra
 14919 | D:12     | Found a staircase to the Orcish Mines.
 14962 | D:12     | Found Jenuem's Gadget Shoppe.
 15200 | Lair:1   | Entered Level 1 of the Lair of Beasts
 15223 | Lair:1   | Reached skill level 1 in Dodging
 15252 | Lair:1   | Received a gift from Okawaru
 15442 | Lair:1   | Reached skill level 5 in Dodging
 15713 | Lair:1   | Noticed a four-headed hydra
 15725 | Lair:1   | Killed a four-headed hydra
 15742 | Lair:1   | HP: 4/108 [crocodile (6)]
 15744 | Lair:1   | HP: 1/108 [basilisk (1)]
 15744 | Lair:1   | Mangled by a spiny frog

Vault maps used:
D:1:      eino_arrival_cavern_b
D:2:      first_bread, feat_on_display, uniq_natasha, uniq_terence
D:3:      old_standard_altar, feat_on_display
D:4:      nicolae_overflow_crystal_walls
D:5:      temple_doors_c, fountainhead, nicolae_dithmenos_the_darkroom
D:6:      kennysheep_housing_project, johnstein_pakellas_shop, serial_shops,
          shop, uniq_eustachio
D:7:      gammafunk_temple_overflow_forgotten,
          lemuel_zombie_altar_kikubaaqudgha, serial_shops, shop,
          grunt_ogre_cave, uniq_prince_ribbit1
D:8:      evilmike_ruin_ashenzari, lightli_ossuary_entry_decrepit_ruins,
          special_room, minivault_4, nicolae_ru_great_annihilating_truth,
          uniq_psyche
D:10:     uniq_gastronok
D:11:     lair_0_dummy, uniq_urug
D:12:     kennysheep_orc_monster_closet_entryway, serial_shops, shop,
          basic_altar
D:13:     kennysheep_kobold_grotto, david_vaults_2, basic_altar, serial_shops,
          nicolae_shop_statue_plus, minmay_misc_feat_cross,
          minmay_unpleasant_kobolds, uniq_snorg
Temple:   circular_temple_12
Lair:1:   grunt_megastairs_2

Action                   |  1- 3 |  4- 6 |  7- 9 | 10-12 || total
-------------------------+-------+-------+-------+-------++-------
Melee: Trident           |    92 |   238 |   477 |   847 ||  1654
Invok: Heroism           |       |       |     6 |    11 ||    17
       Finesse           |       |       |       |     2 ||     2
  Use: Scroll            |     3 |     9 |     1 |    13 ||    26
       Potion            |       |     2 |     2 |     3 ||     7
 Stab: Paralysed         |       |       |       |     2 ||     2
       Invisible         |       |       |       |     1 ||     1
  Eat: Chunk             |       |     5 |    12 |    14 ||    31
       Bread ration      |       |     1 |     2 |     2 ||     5
